 Dungeon Crawl Stone Soup version 0.18-a0-1577-gf591c28 (webtiles) character file.

1024 4thArraOfDagon the Ruffian (level 8, -6/74 HPs)
             Began as a Troll Abyssal Knight on Mar 19, 2016.
             Was a Follower of Cheibriados.
             Mangled by a raiju (8 damage)
             ... on level 2 of the Abyss.
             The game lasted 00:10:13 (1638 turns).

4thArraOfDagon the Ruffian (Troll Abyssal Knight)   Turns: 1638, Time: 00:10:13

Health: -6/74      AC:  5    Str: 24      XL:     8   Next: 2%
Magic:  10/10      EV:  9    Int: 13      God:    Cheibriados [*.....]
Gold:   139        SH:  0    Dex: 11 (12) Spells: 0 memorised, 7 levels left

rFire  . . .     SeeInvis .       - Unarmed
rCold  . . .     Gourm    +     a - +0 robe
rNeg   + . .     Faith    .     (no shield)
rPois  +         Spirit   .     (helmet restricted)
rElec  .         Dismiss  .     (no cloak)
rCorr  .         Reflect  .     (gloves unavailable)
SustAt .         Harm     .     (boots unavailable)
MR     .....                    (no amulet)
Stlth  +.........               s - ring of positive energy
                                i - ring of poison resistance

@: about to teleport, drained, very slow, not resistant to hostile enchantments,
very unstealthy
A: unfitting armour, claws 3, fast metabolism 3, gourmand, regeneration 2,
shaggy fur 1, tough skin 2
a: Bend Time, Renounce Religion


You were on level 2 of the Abyss.
You worshipped Cheibriados.
Cheibriados was aware of your devotion.
You were full.

You visited 1 branch of the dungeon, and saw 7 of its levels.
You visited the Abyss 2 times.

You collected 139 gold pieces.

Inventory:

Hand Weapons
 h - the +11 long sword of Outrage {pain, *Corrode +Fly MR+++ Dex-3, unknown}
   (You found it on level 4 of the Dungeon)

   In the hands of one skilled in necromantic magic, it inflicts extra damage on
   living creatures.
   It affects your dexterity (-3).
   It affects your resistance to hostile enchantments.
   It lets you fly.
   It may corrode your equipment when you take damage.
Missiles
 o - a throwing net (quivered)
Armour
 a - a +0 robe (worn)
Jewellery
 i - a ring of poison resistance (left claw)
 s - a ring of positive energy (right claw)
Wands
 l - a wand of teleportation (2/9)
 p - a wand of flame (26/48)
 t - a wand of teleportation (4/9)
Scrolls
 d - a scroll of fear
Potions
 c - a potion of agility {unknown}
 e - a potion of berserk rage {unknown}
 g - a potion of might {unknown}
 j - a potion of lignification {unknown}
 n - a potion of cure mutation
 r - a potion of mutation {unknown}
Miscellaneous
 m - a disc of storms
Comestibles
 b - 5 bread rations
 k - 3 meat rations
 u - a beef jerky


   Skills:
 - Level 2.4(1.7) Fighting
 - Level 1.9(1.2) Dodging
 * Level 7.9(7.1) Unarmed Combat
 + Level 5.0(4.3) Invocations


You had 7 spell levels left.
You didn't know any spells.

Dungeon Overview and Level Annotations

Branches:
Dungeon (7/15)
 Temple: D:4-7

Altars:
Ashenzari
Cheibriados
Fedhas
Nemelex Xobeh
Vehumet
The Shining One

Annotations:
D:7 Prince Ribbit


Innate Abilities, Weirdness & Mutations

You are too large for most types of armour.
You have claws for hands.
Your metabolism is lightning-fast.
You like to eat raw meat.
You heal very quickly.
You are covered in fur (AC +1).
You have very tough skin (AC +2).


Message History

The raiju bites you. The raiju shocks you!
* * * LOW HITPOINT WARNING * * *
The rakshasa hits you from afar with a trident.
* * * LOW HITPOINT WARNING * * *
Unknown command.
Unknown command.
The raiju bites you.
* * * LOW HITPOINT WARNING * * *
The raiju shocks you!
* * * LOW HITPOINT WARNING * * *
Unknown command.
Unknown command.
Unknown command.
Drink which item? (? for menu, Esc to quit)
It was a potion of cure mutation.
It has a very clean taste.
You feel robust.
You feel agile. The raiju bites you.
* * * LOW HITPOINT WARNING * * *
The raiju shocks you!
You die...

# #.#.. #..... #
#.... # ## ## #.#
.....# ### .
..#.#..### #.### ..
#....
...#.####...##..#
#..
..#.......R#....#..
..##
.......##.#.......
#. ..#...##h.......
#.
........@...#.... #
###....##.##:..# #
# #..# ......## .##
.#......#
ยง..#..#..# #.
.##.# ## #..# .. #
.##


You could see a raiju.

Vanquished Creatures
  A phantom (D:5)
  A centaur (D:5)
  A small abomination (Abyss:2)
  2 howler monkeys
  4 wights (D:7)
  2 hounds
  A giant frog skeleton (D:4)
  2 orc wizards (D:5)
  3 orc priests
  An iguana (D:5)
  2 centaur skeletons (D:5)
  2 worker ants (D:5)
  A mummy (D:5)
  12 adders
  An ooze (D:1)
  An adder zombie (D:5)
  A dart slug (D:2)
  A giant gecko (D:1)
  11 orcs
  4 ball pythons
  6 giant cockroaches
  6 goblins
  4 hobgoblins
  3 quokkas
  5 bats
  3 giant newts (D:2)
  5 kobolds
  2 kobold zombies (D:5)
  2 orc zombies (D:5)
  2 rats (D:2)
92 creatures vanquished.

Notes
Turn   | Place    | Note
--------------------------------------------------------------
     0 | Abyss:1  | 4thArraOfDagon the Troll Abyssal Knight began the quest for the Orb.
     0 | Abyss:1  | Reached XP level 1. HP: 22/22 MP: 1/1
     3 | Abyss:1  | Found a bloodstained altar of Trog.
    35 | Abyss:1  | Noticed a giant orange brain
    36 | Abyss:1  | Noticed a small abomination
    37 | Abyss:1  | jacquesderrida: heheheheeheee MEMEDDD!!!! hehehehehe
    50 | Abyss:1  | Noticed a vampire
    53 | Abyss:1  | Noticed a starcursed mass
    54 | Abyss:1  | Found a shadowy altar of Dithmenos.
    55 | D:1      | Escaped the Abyss
    84 | D:1      | Reached XP level 2. HP: 27/29 MP: 2/2
    89 | D:1      | Reached * piety under Lugonu
   170 | D:2      | Reached skill level 3 in Unarmed Combat
   178 | D:2      | Reached XP level 3. HP: 17/36 MP: 3/3
   361 | D:4      | Found a glowing golden altar of the Shining One.
   387 | D:4      | Reached skill level 4 in Unarmed Combat
   387 | D:4      | Reached XP level 4. HP: 42/44 MP: 4/4
   423 | D:5      | Entered Level 5 of the Dungeon
   454 | D:5      | Reached XP level 5. HP: 47/50 MP: 6/6
   457 | D:5      | Noticed a phantom
   485 | D:5      | Killed a phantom
   485 | D:5      | Reached skill level 5 in Unarmed Combat
   539 | D:7      | Reached ** piety under Lugonu
   539 | D:7      | Reached XP level 6. HP: 50/59 MP: 7/7
   620 | D:7      | Noticed Prince Ribbit
   628 | D:7      | Reached skill level 6 in Unarmed Combat
   658 | D:6      | Reached XP level 7. HP: 50/66 MP: 9/9
   764 | D:5      | Reached skill level 7 in Unarmed Combat
   779 | D:5      | Found a sparkling altar of Nemelex Xobeh.
   793 | D:5      | Found a snail-covered altar of Cheibriados.
   818 | D:5      | Fell from the grace of Lugonu
   818 | D:5      | Became a worshipper of Cheibriados the Contemplative
   834 | D:5      | Found a blossoming altar of Fedhas.
   892 | D:4      | Got an ichor-stained long sword
   997 | D:3      | Found a shattered altar of Ashenzari.
  1001 | D:3      | Found a radiant altar of Vehumet.
  1211 | D:3      | Reached * piety under Cheibriados
  1275 | D:3      | Noticed an ancient zyme
  1281 | D:2      | Gained mutation: You are clumsy. (Dex -2) [mutagenic glow]
  1328 | D:1      | Gained mutation: You are frail (-10% HP). [mutagenic glow]
  1330 | D:1      | Noticed a small abomination
  1330 | D:1      | Noticed an ancient zyme
  1330 | D:1      | Cast into level 1 of the Abyss (Lugonu's touch)
  1330 | Abyss:1  | Found a corrupted altar of Lugonu.
  1382 | Abyss:1  | Noticed a smoke demon
  1475 | Abyss:1  | Noticed a bone dragon
  1483 | Abyss:1  | Found a corrupted altar of Lugonu.
  1512 | Abyss:1  | Noticed a starcursed mass
  1523 | Abyss:1  | Noticed a large abomination
  1556 | Abyss:1  | Noticed a starcursed mass
  1612 | Abyss:2  | Reached skill level 5 in Invocations
  1612 | Abyss:2  | Reached XP level 8. HP: 60/66 MP: 10/10
  1622 | Abyss:2  | Noticed a raiju
  1623 | Abyss:2  | Noticed a rakshasa
  1636 | Abyss:2  | HP: 2/66 [raiju (8)]
  1638 | Abyss:2  | Lost mutation: You are frail (-10% HP). [potion of cure mutation]
  1638 | Abyss:2  | Lost mutation: You are clumsy. (Dex -2) [potion of cure mutation]
  1638 | Abyss:2  | Mangled by a raiju

Vault maps used:
D:1:      minmay_arrival_four_houses
D:2:      first_bread
D:3:      grunt_temple_overflow_open, serial_park_tiny_2, minmay_snake_closets
D:4:      overflow_temple_1_default, minmay_temple_entry_from_below_a
D:5:      nemelex_xobeh_ov_fountains_minmay, overflow_temple_1_default,
          serial_shops, shop, basic_altar, minivault_27, minmay_mini_ossuary
D:6:      kennysheep_mini
D:7:      marbit_many_paths, uniq_prince_ribbit1

Skill      XL: |  1  2  3  4  5  6  7 |
---------------+----------------------+-----
Unarmed Combat | 3 4 5 6 7 |  7.9
Invocations    | 2 3 4 5 |  5.0
Fighting       | |  2.4
Dodging        | |  1.9

Action                   |  1- 3 |  4- 6 |  7- 9 || total
-------------------------+-------+-------+-------++-------
Melee: Unarmed           |    85 |    80 |   136 ||   301
Invok: Depart the Abyss  |     1 |       |       ||     1
Evoke: Wand              |       |       |     5 ||     5
  Use: Scroll            |       |       |     7 ||     7
       Potion            |       |       |     4 ||     4
 Stab: Sleeping          |     1 |       |       ||     1
  Eat: Chunk             |     7 |     3 |     7 ||    17
